Unix NetHack Version 5.0.0-0 post-release - last build May 17 2026 04:57:42 (dc50c8380fa5e20985bfe3072449f57b8d9895ef,branch:main).

Game began 2026-05-19 17:39:25, ended 2026-05-19 17:45:24.

BeardyHaddock, neutral male gnomish Archeologist

  ---------     -----------.-    --------                     --------
  |.......|     |...........|    |.......#                    .......|
  |........#####............|    |......|#                   #|......|
  |.|.....|    #|...^..>....-####.......|#                  ##-......|
  |.......|    #-------------#   ----.---#                #hf#|.......
  ----.----    #   ###########       #   #              ### @ |.....<|
      ##       #             #       #   #               #  # --------
       %       #             #       #   #               #  #
       #       #             #       #   #               #  #
       ##      #           ###       #   #              ##
        ##%#   #           #         # #####------------#
           #   #           #---------.-    #-..........|#
           ##  #           #|.........|     |.......^...#
    --------|--#           #-.........|     |..........|
    |.........|#            |.........|     |..........|
    |..........#            -----.#----     |..........|
    -----------                  #%         ------------

BeardyHaddock the Field Worker  St:12 Dx:12 Co:13 In:17 Wi:15 Ch:8  Neutral
Dlvl:2  $:17 HP:0(18) Pw:12(12) AC:9  Xp:3 T:840 

Latest messages:
 You start digging.
 You hit the rock with all your might.
 You hear some noises.
 You succeed in cutting away some rock.
 The kitten misses it.
 You swap places with your kitten.
 The coyote bites!
 The coyote bites!
 The kitten misses the coyote.
 You miss the coyote.
 The coyote bites!
 The kitten misses the coyote.
 You miss the coyote.
 The coyote bites!
 The kitten misses the coyote.
 You swap places with your kitten.
 The coyote bites!
 The kitten misses the coyote.
 The kitten bites the coyote.
 Are you sure you want to pray? [yn] (n) y
 You begin praying to Camaxtli.
 You are surrounded by a shimmering light.
 The coyote starts to attack you, but pulls back.
 The hobbit wields a dagger!
 The kitten bites the coyote.
 The coyote is killed!
 The kitten bites the hobbit.
 The hobbit thrusts his dagger at the kitten.
 The hobbit hits the kitten.
 You finish your prayer.
 You feel that Camaxtli is pleased.
 You feel much better.
 You miss the hobbit.
 You hit the hobbit.
 The hobbit hurls a golden potion!
 The phial crashes on your head and breaks into shards.
 The golden potion evaporates.
 Something seems to be holding you.
 The hobbit thrusts his dagger.
 The hobbit hits!
 The hobbit thrusts his dagger.
 The hobbit hits!
 The hobbit thrusts his dagger.
 The hobbit hits!
 You die...
 Do you want your possessions identified? [ynq] (y) y
 Do you want to see your attributes? [ynq] (y) n
 Do you want an account of creatures vanquished? [ynaq] (y) n
 Do you want to see your conduct and achievements? [ynq] (y) n
 Do you want to see the dungeon overview? [ynq] (y) n

Inventory:
 Coins    ('$')
  $ - 17 gold pieces
 Weapons  (')')
  o - 6 greased +0 crossbow bolts
  j - 9 +0 ya
  q - a +0 dagger
  a - a +2 bullwhip (alternate weapon; not wielded)
 Armor    ('[')
  c - an uncursed +0 fedora (being worn)
  b - a blessed +0 leather jacket (being worn)
 Comestibles  ('%')
  k - an uncursed apple
  d - 5 uncursed food rations
  p - an uncursed tripe ration
 Scrolls  ('?')
  l - an uncursed scroll of light
  r - an uncursed scroll of teleportation
 Spellbooks  ('+')
  m - a blessed spellbook of light
 Wands    ('/')
  n - a wand of digging (0:3)
 Tools    ('(')
  h - an empty uncursed sack
  e - a corroded +0 pick-axe (weapon in right hand)
  i - an uncursed tin opener
  f - a tinning kit (0:50)
 Gems/Stones  ('*')
  g - an uncursed touchstone

BeardyHaddock the Archeologist's attributes:

Background:
 You were a Field Worker, a level 3 male gnomish Archeologist.
 You were neutral, on a mission for Camaxtli
 who was opposed by Quetzalcoatl (lawful) and Huhetotl (chaotic).
 You were right-handed.
 You were in the Dungeons of Doom, on level 2.
 You entered the dungeon 840 turns ago.
 There was a new moon in effect when your adventure ended.
 You had 45 experience points, 35 more were needed to attain level 4.

Basics:
 You had 0 out of 18 hit points.
 You had all 12 energy points (spell power).
 Your armor class was 9.
 Your wallet contained 17 zorkmids.
 Autopickup was off.

Final Characteristics:
 Your strength was 12 (limit:18/50).
 Your dexterity was 12 (limit:18).
 Your constitution was 13 (limit:18).
 Your intelligence was 17 (limit:19).
 Your wisdom was 15 (limit:18).
 Your charisma was 8 (limit:18).

Final Status:
 You weren't hungry.
 You were unencumbered.
 You were wielding a pick-axe.
 You had basic skill with pick-axe.

Final Attributes:
 You were fervently aligned.
 You had automatic searching.
 You had infravision.
 You were lucky.
 You are dead.

Miscellaneous:
 You didn't encounter any bones levels.
 Total elapsed playing time was 5 minutes and 58 seconds.

Major events:
 Turn
    1: BeardyHaddock the neutral male gnomish Archeologist entered the dungeon
  730: attained the rank of Field Worker (level 3)
  840: killed by a hobbit, while frozen by a potion

Spells:
 Name                 Level Category     Fail Retention
 light                  1   divination     0%  76%-100%

Skills:
 Fighting Skills
   bare handed combat [Unskilled]
   two weapon combat  [Unskilled]
   riding             [Unskilled]
 Weapon Skills
   dagger             [Unskilled]
   knife              [Unskilled]
   pick-axe           [Basic]
   short sword        [Unskilled]
   saber              [Unskilled]
   club               [Unskilled]
   quarterstaff       [Unskilled]
   sling              [Unskilled]
   dart               [Unskilled]
   boomerang          [Unskilled]
   whip               [Basic]
   unicorn horn       [Unskilled]
 Spellcasting Skills
   attack spells      [Unskilled]
   healing spells     [Unskilled]
   divination spells  [Unskilled]
   matter spells      [Unskilled]

Voluntary challenges:
 Character rerolling was not enabled.
 You never genocided any monsters.
 You never polymorphed an object.
 You never changed form.
 You used no wishes.
Achievement:
 You attained the rank of Field Worker.

 The Dungeons of Doom: levels 1 to 2
    Level 1:
       An altar.
    Level 2: <- You were here.
       A grave.
       Final resting place for
          you, killed by a hobbit, while frozen by a potion.


Vanquished creatures:
 an acid blob
  a coyote
  a hobbit
  a yellow mold
  a green mold
  a gecko
  a jackal
  a fox
  a kobold
  3 sewer rats
  4 grid bugs
  2 lichens
  a kobold zombie
  2 newts
21 creatures vanquished.

No species were genocided or became extinct.

Game over:
                       ----------
                      /          \
                     /    REST    \
                    /      IN      \
                   /     PEACE      \
                  /                  \
                  |  BeardyHaddock   |
                  |      17 Au       |
                  |   killed by a    |
                  |      hobbit      |
                  |                  |
                  |                  |
                  |       2026       |
                 *|     *  *  *      | *
        _________)/\\_//(\/(/\)/\//\/|_)_______

Goodbye BeardyHaddock the Archeologist...

You died in The Dungeons of Doom on dungeon level 2 with 256 points,
and 17 pieces of gold, after 840 moves.
You were level 3 with a maximum of 18 hit points when you died.

